 Dungeon Crawl Stone Soup version 0.21.0-3-g78d12a8 (webtiles) character file.

20307 Faca the Basher (level 12, 0/77 HPs)
             Began as a Gargoyle Fighter on Jan 12, 2018.
             Was a High Priest of the Shining One.
             Slain by zxpr0jk's ghost (2 damage)
             ... on level 12 of the Dungeon.
             The game lasted 00:28:15 (11505 turns).

Faca the Basher (Gargoyle Fighter)                 Turns: 11505, Time: 00:28:16

Health: 0/77       AC: 25    Str: 26    XL:     12   Next: 78%
Magic:  18/18      EV:  7    Int:  9    God:    the Shining One [*****.]
Gold:   677        SH: 12    Dex: 13    Spells: 11/11 levels left

rFire    . . .     SeeInvis .   g - +1 flail (holy)
rCold    . . .     Gourm    .   c - +0 shield
rNeg     + + +     Faith    .   v - +0 chain mail
rPois    ∞         Spirit   .   e - +1 helmet
rElec    +         Reflect  .   d - +0 cloak
rCorr    .         Harm     .   G - +0 pair of gloves
MR       .....                  (no boots)
Stlth    ..........             (no amulet)
HPRegen  0.22/turn              B - +4 ring of slaying
MPRegen  0.16/turn              w - +5 ring of strength

@: glowing
A: negative energy resistance 1, electricity resistance, unbreathing,
petrification resistance, rot immunity, AC +8
a: Divine Shield, Cleansing Flame, Summon Divine Warrior, Renounce Religion


You were on level 12 of the Dungeon.
You worshipped the Shining One.
The Shining One was extremely pleased with you.
You were not hungry.

You visited 2 branches of the dungeon, and saw 15 of its levels.

You collected 703 gold pieces.
You spent 26 gold pieces at shops.

Inventory:

Hand Weapons
 g - a +1 flail of holy wrath (weapon)
Armour
 c - a +0 shield (worn)
 d - a +0 cloak (worn)
 e - a +1 helmet (worn)
 v - a +0 chain mail (worn)
 E - a +0 plate armour
 G - a +0 pair of gloves (worn)
Jewellery
 a - a +3 ring of dexterity
 k - a +5 ring of intelligence
 w - a +5 ring of strength (right hand)
 B - a +4 ring of slaying (left hand)
Wands
 j - a wand of digging (10)
 I - a wand of disintegration (16)
Scrolls
 b - a scroll of torment {unknown}
 h - 13 scrolls of remove curse
 l - 3 scrolls of magic mapping {unknown}
 q - a scroll of enchant armour
 r - 3 scrolls of immolation {unknown}
 u - a scroll of blinking
 y - a scroll of random uselessness {unknown}
 A - a scroll of vulnerability {unknown}
 C - a scroll of fog {unknown}
 F - a scroll of enchant weapon {unknown}
 H - a scroll of teleportation
Potions
 i - 2 potions of berserk rage
 m - 4 potions of curing
 n - 6 potions of mutation
 o - a potion of lignification
 p - 3 potions of flight
 s - 4 potions of brilliance
 t - 2 potions of agility
 x - a potion of haste
 z - 2 potions of heal wounds {unknown}
 D - 2 potions of ambrosia
Comestibles
 f - 14 rations


   Skills:
 + Level 10.1 Fighting
 * Level 12.2 Maces & Flails
 + Level 10.0 Armour
 + Level 10.1 Shields
 + Level 8.6 Invocations


You had 11 spell levels left.
You didn't know any spells.

Dungeon Overview and Level Annotations

Branches:
Dungeon (14/15)            Temple (1/1) D:4            Lair (0/6) D:9
 Vaults (0/5) D:14
    Orc: D:9-12

Altars:
Ashenzari
Cheibriados
Dithmenos
Elyvilon
Fedhas
Gozag
Hepliaklqana
Kikubaaqudgha
Makhleb
Nemelex Xobeh
Okawaru
Qazlal
Ru
Sif Muna
Trog
Uskayaw
Vehumet
Wu Jian
Xom
Yredelemnul
Zin
The Shining One

Shops:
D:6 !   D:9 *?=:

Annotations:
D:12 zxpr0jk's ghost, novice DrIE


Innate Abilities, Weirdness & Mutations

You are resistant to torment.
Your stone body is resilient. (AC +8)
You are immune to poison.
You resist negative energy. (rN+)
You are resistant to electric shocks. (rElec)
You can survive without breathing.
You are immune to petrification.
You are immune to rotting.


Message History

Zxpr0jk's ghost gestures at you while chanting.
You are frozen.
You sock zxpr0jk's ghost!
Zxpr0jk's ghost convulses.
Zxpr0jk's ghost is almost destroyed.
Zxpr0jk's ghost points at you and mumbles some strange words.
You are frozen.
* * * LOW HITPOINT WARNING * * *
You hit zxpr0jk's ghost.
Zxpr0jk's ghost convulses.
Zxpr0jk's ghost is almost destroyed.
You barely miss zxpr0jk's ghost.
Zxpr0jk's ghost is almost destroyed.
Zxpr0jk's ghost gestures at you while chanting.
You are frozen.
* * * LOW HITPOINT WARNING * * *
You hit zxpr0jk's ghost but do no damage.
Zxpr0jk's ghost is almost destroyed.
Zxpr0jk's ghost hits you.
* * * LOW HITPOINT WARNING * * *
Zxpr0jk's ghost burns you.
You die...

#.........# ..........#
#.# ..........#
###.####### .........##
#.......... ##...†...#
#.......... #.......#
#........$. #.......#
#.......... #.......#
#.W........
#.......#####..@.......
#......................
##.........)............
........................
.#######................
.# #................ .#
#................ .#
#................ .###
#...............


You could see zxpr0jk's ghost.

Vanquished Creatures
  The ghost of terra52 the Thaumaturge, a journeyman GnSk of Sif Muna (D:11)
  3 vault guards (D:14)
  The ghost of Snack the Destroyer, a journeyman BaVM of Vehumet (D:11)
  5 two-headed ogres
  A centaur warrior (D:14)
  The ghost of gregunderscorem the Fighter, a novice OpFi of Cheibriados (D:7)
  An unseen horror (D:10)
  A cyclops (D:14)
  4 ugly things
  The ghost of laceratedsky the Chopper, an amateur MiBe of Trog (D:4)
  2 trolls
  2 hornets
  5 hippogriffs
  2 shadows
  2 wraiths
  Eustachio (D:4)
  A basilisk (D:14)
  A hungry ghost (D:7)
  A yak (D:14)
  4 vampire mosquitoes
  Menkaure (D:7)
  A soldier ant (D:14)
  Edmund (D:4)
  A water moccasin (D:6)
  6 orc warriors
  3 sky beasts
  An eye of draining (D:9)
  3 ice beasts
  A necrophage (D:6)
  6 centaurs
  5 ogres
  A big kobold (D:9)
  Blork the orc (D:4)
  13 bullfrogs
  A water moccasin zombie (D:10)
  3 scorpions
  6 killer bees
  8 wights
  A howler monkey (D:9)
  3 crimson imps
  A quasit (D:14)
  2 bullfrog zombies
  2 centaur zombies
  6 hounds
  2 jellies
  A gnoll shaman (D:7)
  6 orc priests
  2 bullfrog skeletons (D:7)
  Crazy Yiuf (D:3)
  2 centaur skeletons (D:10)
  3 iguanas
  12 orc wizards
  Terence (D:3)
  6 worker ants
  2 hound zombies (D:7)
  3 hound skeletons
  A howler monkey zombie (D:5)
  Robin (D:4)
  6 gnolls
  9 adders
  3 shadow imps
  2 adder zombies
  An adder skeleton (D:4)
  2 worms (D:4)
  A dart slug (D:1)
  2 leopard geckos
  30 orcs
  3 ball pythons
  3 bats
  7 giant cockroaches
  15 goblins
  7 hobgoblins
  7 jackals
  3 quokkas
  3 frilled lizards
  2 jackal skeletons
  11 kobolds
  A leopard gecko skeleton (D:6)
  7 rats
285 creatures vanquished.

Notes
Turn   | Place    | Note
-------+----------+-------------------------------------------
     0 | D:1      | Faca the Gargoyle Fighter began the quest for the Orb.
     0 | D:1      | Reached XP level 1. HP: 14/14 MP: 1/1
   117 | D:1      | Reached XP level 2. HP: 13/19 MP: 2/2
   715 | D:2      | Reached XP level 3. HP: 23/23 MP: 3/3
  1047 | D:2      | Found a sparkling altar of Nemelex Xobeh.
  1317 | D:3      | Reached skill level 3 in Maces & Flails
  1387 | D:3      | Noticed Terence
  1395 | D:3      | Killed Terence
  1395 | D:3      | Reached XP level 4. HP: 23/29 MP: 4/4
  1839 | D:3      | Found a runed door.
  1843 | D:3      | Noticed Crazy Yiuf
  1850 | D:3      | Killed Crazy Yiuf
  1850 | D:3      | Reached XP level 5. HP: 33/33 MP: 5/5
  2077 | D:4      | Noticed Edmund
  2115 | D:4      | Killed Edmund
  2115 | D:4      | Reached skill level 4 in Maces & Flails
  2115 | D:4      | Reached XP level 6. HP: 21/39 MP: 6/6
  2186 | D:4      | Found a staircase to the Ecumenical Temple.
  2272 | Temple   | Entered the Ecumenical Temple
  2315 | Temple   | Became a worshipper of the Shining One
  2725 | D:4      | Noticed Blork the orc
  2730 | D:4      | Noticed laceratedsky's ghost (amateur MiBe)
  2738 | D:4      | Killed Blork the orc
  3767 | D:4      | Noticed Eustachio
  3781 | D:4      | Killed Eustachio
  3781 | D:4      | Reached skill level 5 in Maces & Flails
  3781 | D:4      | Reached XP level 7. HP: 44/44 MP: 7/7
  3947 | D:4      | Killed laceratedsky's ghost
  3947 | D:4      | Reached skill level 5 in Fighting
  3947 | D:4      | Reached skill level 5 in Armour
  3947 | D:4      | Reached skill level 5 in Shields
  4008 | D:4      | Noticed Robin
  4018 | D:4      | Killed Robin
  4029 | D:4      | Reached * piety under the Shining One
  4178 | D:5      | Entered Level 5 of the Dungeon
  4251 | D:5      | Reached XP level 8. HP: 45/49 MP: 8/8
  4664 | D:5      | Reached skill level 1 in Invocations
  4792 | D:6      | Found Zuvy's Distillery.
  4842 | D:6      | Reached skill level 6 in Maces & Flails
  5522 | D:6      | Reached ** piety under the Shining One
  5533 | D:6      | Reached skill level 7 in Maces & Flails
  5533 | D:6      | Reached XP level 9. HP: 48/55 MP: 11/11
  6161 | D:7      | Found a shimmering altar of Xom.
  6189 | D:7      | Found a hazy altar of Hepliaklqana.
  6190 | D:7      | Found a basalt altar of Yredelemnul.
  6193 | D:7      | Found a shimmering altar of Xom.
  6417 | D:7      | Reached skill level 8 in Maces & Flails
  6446 | D:7      | Noticed gregunderscorem's ghost (novice OpFi)
  6462 | D:7      | Killed gregunderscorem's ghost
  6543 | D:7      | Reached XP level 10. HP: 48/63 MP: 13/13
  6576 | D:7      | Reached *** piety under the Shining One
  6853 | D:7      | Noticed Menkaure
  6864 | D:7      | Killed Menkaure
  7114 | D:8      | Reached skill level 5 in Invocations
  7173 | D:8      | Reached skill level 9 in Maces & Flails
  7204 | D:8      | Found a bloodstained altar of Trog.
  7260 | D:8      | Noticed a two-headed ogre
  7267 | D:8      | Killed a two-headed ogre
  7638 | D:8      | Noticed a two-headed ogre
  7647 | D:8      | Killed a two-headed ogre
  7868 | D:8      | You fall through a shaft for 2 floors!
  7868 | D:10     | Entered Level 10 of the Dungeon
  7900 | D:10     | Noticed a two-headed ogre
  7922 | D:10     | Killed a two-headed ogre
  8072 | D:10     | Reached **** piety under the Shining One
  8072 | D:10     | Reached XP level 11. HP: 68/68 MP: 15/15
  8118 | D:10     | Reached skill level 10 in Maces & Flails
  8461 | D:10     | Noticed an unseen horror
  8675 | D:9      | Found Gyen's Book Shoppe.
  8677 | D:9      | Found Dumel's Magic Scroll Shoppe.
  8677 | D:9      | Found Kaoxok's Jewellery Shoppe.
  8679 | D:9      | Found Peigy's Assorted Antiques.
  8707 | D:9      | Bought a cursed amulet of inaccuracy for 26 gold pieces
  9389 | D:9      | Found a staircase to the Lair.
  9561 | D:10     | Killed an unseen horror
  9814 | D:10     | Noticed a two-headed ogre
  9821 | D:10     | Killed a two-headed ogre
  9972 | D:11     | Noticed a brown ugly thing
  9979 | D:11     | Killed a brown ugly thing
 10075 | D:11     | Noticed Snack's ghost (journeyman BaVM)
 10091 | D:11     | Killed Snack's ghost
 10091 | D:11     | Reached skill level 11 in Maces & Flails
 10119 | D:11     | Noticed terra52's ghost (journeyman GnSk)
 10119 | D:11     | Reached ***** piety under the Shining One
 10165 | D:11     | Killed terra52's ghost
 10274 | D:11     | You fall through a shaft for 3 floors!
 10274 | D:14     | Found a gate to the Vaults.
 10274 | D:14     | Noticed a vault guard
 10274 | D:14     | Noticed a vault guard
 10274 | D:14     | Noticed a vault guard
 10274 | D:14     | Noticed a vault guard
 10274 | D:14     | Noticed a green ugly thing
 10274 | D:14     | Noticed a cyclops
 10280 | D:14     | Noticed a two-headed ogre
 10286 | D:14     | Killed a two-headed ogre
 10295 | D:14     | Noticed a two-headed ogre
 10345 | D:14     | Reached XP level 12. HP: 51/76 MP: 17/17
 10454 | D:14     | Killed a vault guard
 10600 | D:14     | Killed a vault guard
 10817 | D:14     | Killed a vault guard
 11128 | D:14     | Noticed a centaur warrior
 11150 | D:14     | Killed a centaur warrior
 11152 | D:14     | Reached skill level 12 in Maces & Flails
 11211 | D:14     | Reached skill level 10 in Fighting
 11275 | D:13     | Reached skill level 10 in Shields
 11376 | D:12     | Reached skill level 10 in Armour
 11493 | D:12     | Noticed zxpr0jk's ghost (novice DrIE)
 11505 | D:12     | HP: 2/77 [zxpr0jk's ghost (4)]
 11505 | D:12     | Slain by zxpr0jk's ghost

Skill      XL: |  1  2  3  4  5  6  7  8  9 10 11 12 |
---------------+-------------------------------------+-----
Maces & Flails | 3 4 5 7 8 9 11 12 | 12.2
Fighting       | 4 5 6 7 8 9 10 | 10.1
Armour         | 4 5 6 7 8 9 10 | 10.0
Shields        | 4 5 6 7 8 9 10 | 10.1
Invocations    | 2 4 6 7 8 |  8.6

Action                   |  1- 3 |  4- 6 |  7- 9 | 10-12 || total
-------------------------+-------+-------+-------+-------++-------
Melee: Flail             |   147 |   164 |   259 |   595 ||  1165
  Use: Potion            |       |     1 |       |       ||     1
       Scroll            |       |     5 |     4 |     9 ||    18
  Eat: Ration            |     1 |     2 |     2 |     5 ||    10
       Chunk             |     1 |     1 |     1 |     1 ||     4
Armor: Scale mail        |    77 |    44 |       |       ||   121
       Chain mail        |       |    37 |   143 |   259 ||   439
Dodge: Dodged            |    49 |    45 |    54 |   111 ||   259
Block: Shield            |    83 |    79 |   136 |   307 ||   605
